 Dungeon Crawl Stone Soup version 0.30.1-4-g462c640d31 (webtiles) character file.

Game seed: 15551117144443271538

108481 Peloso the Fencer (level 16, -1/152 HPs)
             Began as a Minotaur Fighter on Aug 14, 2023.
             Was a High Priest of Okawaru.
             Hit by a silver javelin thrown by a merfolk javelineer (21 damage)
             ... on level 1 of the Shoals.
             The game lasted 01:13:42 (32223 turns).

Peloso the Fencer (Minotaur Fighter)               Turns: 32223, Time: 01:13:42

Health: -1/152     AC: 27    Str: 26    XL:     16   Next: 2%
Magic:  17/17      EV: 10    Int:  7    God:    Okawaru [*****.]
Gold:   2503       SH:  8    Dex: 16    Spells: 15/15 levels left

rFire   . . .        a - +1 demon blade (elec)
rCold   + . .        d - +0 buckler {rN+}
rNeg    + . .        v - +1 plate armour {Will+}
rPois   .            C - +2 hat
rElec   .            I - +0 cloak
rCorr   +            H - +1 pair of gloves {Str+3}
SInv    .            O - +0 pair of boots {Stlth+}
Will    ++...        w - amulet of regeneration Stlth
                     B - ring of Izainiaf {rC+ Int+2 Slay+3}
HPRegen 1.25/turn    s - ring of Jabuq {rCorr Slay+2}
MPRegen 0.15/turn

%: no passive effects
@: studying Spellcasting
A: horns 2, retaliatory headbutt
a: Renounce Religion, Heroism, Finesse, Duel


You were on level 1 of the Shoals.
You worshipped Okawaru.
Okawaru was extremely pleased with you.
You visited 6 branches of the dungeon, and saw 25 of its levels.

You collected 3104 gold pieces.
You spent 601 gold pieces at shops.

Inventory:

Hand Weapons
 a - a +1 demon blade of electrocution (weapon)
 b - a +3 long sword of flaming
Armour
 c - a +0 chain mail
 d - a +0 buckler of positive energy (worn)
 q - a +1 plate armour of fire resistance
 v - a +1 plate armour of willpower (worn)
 C - a +2 hat (worn)
 H - a +1 pair of gloves of strength (worn)
 I - a +0 cloak (worn)
 O - a +0 pair of boots of stealth (worn)
Jewellery
 g - an amulet of reflection
 h - a +6 ring of dexterity
 k - an amulet of magic regeneration
 r - a +4 ring of protection
 s - the ring of Jabuq (right hand) {rCorr Slay+2}
   (You found it on level 10 of the Dungeon)

   [ring of resist corrosion]

   Slay:      It affects your accuracy & damage with ranged weapons and melee
   (+2).
   rCorr:     It protects you from acid and corrosion.
 w - an amulet of regeneration (around neck)
 B - the ring of Izainiaf (left hand) {rC+ Int+2 Slay+3}
   (You found it on level 5 of the Lair of Beasts)

   [ring of protection from cold]

   Int:       It affects your intelligence (+2).
   Slay:      It affects your accuracy & damage with ranged weapons and melee
   (+3).
   rC:        It protects you from cold.
 M - a ring of fire
 R - a ring of willpower
 U - a ring of protection from cold
Wands
 u - a wand of flame (16)
 x - a wand of paralysis (8)
 N - a wand of digging (2)
Scrolls
 e - 5 scrolls of fog
 f - 2 scrolls of fear
 i - 3 scrolls of blinking
 j - 3 scrolls of magic mapping
 n - a scroll of enchant weapon
 o - 5 scrolls of teleportation
 z - 4 scrolls of poison
 F - 6 scrolls of immolation
 P - a scroll of summoning
 W - a scroll of acquirement
Potions
 l - 2 potions of brilliance
 m - 8 potions of curing
 p - 4 potions of might
 t - a potion of cancellation
 A - 3 potions of berserk rage
 J - 4 potions of flight
 L - 3 potions of lignification
 V - a potion of resistance {unknown}


   Skills:
 + Level 16.6 Fighting
 + Level 18.1 Long Blades
 + Level 1.3 Axes
 + Level 17.4 Armour
 + Level 5.4 Dodging
 + Level 2.7 Stealth
 + Level 15.8 Shields
 + Level 1.2 Unarmed Combat
 + Level 3.9 Invocations
 + Level 2.4 Evocations


You had 15 spell levels left.
You didn't know any spells.
Your spell library contained the following spells:

 Spells                   Type           Power      Damage    Failure   Level
 Magic Dart               Conj           0%         1d3       96%         1
 Ensorcelled Hibernation  Hex/Ice        0%         N/A       99%         2
 Sublimation of Blood     Necr           0%         N/A       99%         2
 Wereblood                Tmut           0%         N/A       99%         2
 Gell's Gravitas          Tloc           0%         N/A       100%        3
 Mephitic Cloud           Conj/Pois/Air  0%         N/A       100%        3
 Portal Projectile        Hex/Tloc       0%         N/A       100%        3
 Spider Form              Tmut/Pois      0%         N/A       100%        3
 Stone Arrow              Conj/Erth      0%         3d7       100%        3
 Teleport Other           Tloc           0%         N/A       100%        3
 Anguish                  Hex/Necr       0%         N/A       100%        4
 Leda's Liquefaction      Hex/Erth       0%         N/A       100%        4
 Dispersal                Tloc           0%         N/A       100%        6
 Lehudib's Crystal Spear  Conj/Erth      0%         10d2      100%        8
 Call Imp                 Summ           Unusable   N/A       N/A         2
 Call Canine Familiar     Summ           Unusable   N/A       N/A         3
 Animate Armour           Summ/Erth      Unusable   N/A       N/A         4
 Summon Hydra             Summ           Unusable   N/A       N/A         7

Dungeon Overview and Level Annotations

Branches:
Dungeon (15/15)            Temple (0/1) D:6            Lair (5/5) D:9
 Shoals (1/4) Lair:3        Snake (1/4) Lair:2        Slime (0/5) Lair:4
    Orc (2/2) D:9             Elf (1/3) Orc:2        Vaults (0/5) D:13
 Depths (0/4) D:15

Altars:
Ashenzari
Dithmenos
Elyvilon
Fedhas
Gozag
Hepliaklqana
Kikubaaqudgha
Nemelex Xobeh
Okawaru
Qazlal
Ru
Sif Muna
Trog
Wu Jian
Yredelemnul
Zin
The Shining One
Jiyva

Shops:
D:1 =   D:10 (   Orc:2 (![(

Portals:
Trove: D:12 (give +7 demon trident)

Annotations:
D:14 Casa
Lair:4 2 transporters, TangoThomas's ghost, journeyman DsAr


Innate Abilities, Weirdness & Mutations

You have a pair of horns on your head.
You reflexively headbutt those who attack you in melee.


Message History

The merfolk javelineer throws a silver javelin.
The silver javelin pierces through you!
* * * LOW HITPOINT WARNING * * *
x2 Unknown command.
You feel better.
The merfolk javelineer throws a silver javelin.
The silver javelin pierces through you!
* * * LOW HITPOINT WARNING * * *
x2 You feel better.
The merfolk javelineer throws a silver javelin.
The silver javelin pierces through you.
* * * LOW HITPOINT WARNING * * *
x2 Unknown command.
You slash the merfolk javelineer!
The merfolk javelineer is heavily wounded.
The merfolk javelineer barely misses you.
Unknown command.
You hit the merfolk javelineer.
The merfolk javelineer is heavily wounded.
Unknown command.
You slash the merfolk javelineer!
The merfolk javelineer is severely wounded.
The merfolk javelineer throws a silver javelin.
The silver javelin pierces through you.
* * * LOW HITPOINT WARNING * * *
x2 Unknown command.
You completely miss the merfolk javelineer.
Your headbutt misses the merfolk javelineer.
The merfolk javelineer is severely wounded.
Unknown command.
You slice the merfolk javelineer!!
The merfolk javelineer is almost dead.
The merfolk javelineer throws a silver javelin.
The silver javelin misses you.
Unknown command.
You hit the merfolk javelineer.
The merfolk javelineer is almost dead.
The merfolk javelineer throws a silver javelin.
The silver javelin pierces through you!!
You die...

##.......~~~~~~~~~~.~~≈≈≈≈≈≈≈
...##....~~~~~~~~~~≈≈≈≈≈≈≈≈≈≈
.......~.~~~~~.~~~~≈≈≈≈≈≈≈≈≈≈
......~~~~~~~..~~~~≈≈≈≈≈≈≈≈≈≈
............~~~~~≈≈≈≈≈≈≈≈≈≈≈
.##..........~~~~~~~~≈≈≈≈≈≈
###........~...~~~~~~~≈≈≈≈
......)....~..>.~m..~~≈≈≈≈
..###.........#.@~...~~≈≈ )##
#...~....##..~..~~~≈≈ .#
#...~~........~~~~~≈ .#
#...~~.......~).~~≈≈ ##
#......~~...~.~~~~~≈
###...~~~....~~~~~~≈ ###
#..~~~~..~~~~~~~≈≈
##.###..~~~~~~~~~~~≈≈≈≈
##......~~~~~~~


You could see a merfolk javelineer.

Vanquished Creatures
  Mlioglotl (Shoals:1)
  Rupert (Lair:5)
  Gastronok (Lair:1)
  Kirke (D:11)
  An azure jelly (Lair:4)
  2 dire elephants
  Snorg (D:10)
  The ghost of LavenderCorpse the Thaumaturge, a journeyman DjCA of Ignis (Lair:1)
  Harold (D:11)
  A rakshasa (D:15)
  Erolcha (D:10)
  2 vault guards (D:13)
  7 hydras
  7 centaur warriors
  A catoblepas (Lair:5)
  An anaconda (Lair:2)
  8 boulder beetles
  7 two-headed ogres
  3 death yaks (Lair:5)
  5 tengu warriors (D:14)
  A naga warrior (Snake:1)
  5 orc high priests (Orc:2)
  4 sea snakes (Shoals:1)
  2 skysharks
  Pikel (D:7)
  A harpy (shapeshifter) (D:15)
  10 orc knights
  A naga ritualist (Lair:2)
  2 lindwurms (Lair:5)
  A deep elf pyromancer (D:13)
  3 necromancers
  2 wizards (D:13)
  5 ugly things
  3 mana vipers
  3 oklob plants (Lair:1)
  8 manticores
  2 orc sorcerers
  6 cyclopes
  A salamander (Snake:1)
  5 black mambas
  5 elephants
  2 merfolk sirens (Shoals:1)
  A guardian serpent (Snake:1)
  Maurice (D:10)
  2 torpor snails (Lair:5)
  4 naga magi
  10 cane toads
  2 kobold demonologists
  An unseen horror (D:11)
  A yaktaur (D:13)
  6 rime drakes
  9 komodo dragons
  3 tengu conjurers
  3 polar bears (Lair:2)
  6 merfolk (Shoals:1)
  A wind drake (Lair:3)
  2 trolls
  A tarantella (shapeshifter) (D:14)
  A snapping turtle (Shoals:1)
  11 dream sheep
  12 blink frogs
  A centaur simulacrum (D:15)
  8 spriggans (D:11)
  Sigmund (D:4)
  2 shadows
  4 wyverns
  3 vampires
  3 wraiths
  17 humans (D:13)
  8 water elementals
  2 basilisks (Lair:5)
  44 yaks
  5 hogs
  The ghost of Plommelars the Trooper, an amateur DsFi (D:3)
  A steam dragon (D:9)
  3 wargs
  9 nagas
  An acid dragon (D:14)
  8 water moccasins
  Duvessa (D:4)
  41 orc warriors
  A sky beast (D:8)
  A black bear (Lair:4)
  6 ogres
  5 wolves
  10 centaurs
  3 lemures (D:7)
  A kobold brigand (D:8)
  12 bullfrogs
  3 scorpions
  3 wights
  Dowan (D:4)
  2 killer bees
  3 electric eels
  5 howler monkeys
  30 orc priests
  2 gnoll boudas
  A hound (D:6)
  3 jellies
  8 iguanas
  23 orc wizards
  2 sleepcaps (D:5)
  3 wolf simulacra (D:11)
  A polar bear simulacrum (D:11)
  3 yak simulacra (D:11)
  13 adders
  18 gnolls
  2 shadow imps
  A white imp (D:7)
  2 ufetubi (D:5)
  3 worms
  5 dart slugs
  94 orcs
  4 bats
  8 endoplasms
  2 giant cockroaches
  4 goblins
  10 hobgoblins
  2 jackals (D:1)
  7 quokkas
  10 ball pythons
  A ball python zombie (D:3)
  2 frilled lizards (D:1)
  17 kobolds
  A quokka zombie (D:3)
  6 rats
  4 river rat simulacra (D:11)
714 creatures vanquished.

Vanquished Creatures (others)
  An unseen horror (D:11)
1 creature vanquished.

Grand Total: 715 creatures vanquished

Notes
Turn   | Place    | Note
-------+----------+-------------------------------------------
     0 | D:1      | Peloso the Minotaur Fighter began the quest for the Orb.
     0 | D:1      | Reached XP level 1. HP: 19/19 MP: 0/0
    87 | D:1      | Found Pifuroq's Jewellery Emporium.
   266 | D:1      | Reached XP level 2. HP: 21/27 MP: 1/1
  1154 | D:2      | Reached XP level 3. HP: 33/33 MP: 2/2
  1229 | D:2      | Reached skill level 3 in Long Blades
  1604 | D:2      | Reached XP level 4. HP: 27/40 MP: 3/3
  1798 | D:2      | Reached skill level 4 in Long Blades
  2220 | D:3      | Reached skill level 5 in Long Blades
  2270 | D:3      | Reached XP level 5. HP: 42/46 MP: 4/4
  2635 | D:3      | Reached skill level 1 in Dodging
  2653 | D:3      | Found a runed translucent gate.
  2653 | D:3      | Found a runed translucent gate.
  2653 | D:3      | Found a runed translucent gate.
  2653 | D:3      | Noticed Plommelars's ghost (amateur DsFi)
  2655 | D:3      | Found a basalt altar of Yredelemnul.
  2760 | D:4      | Reached XP level 6. HP: 52/52 MP: 5/5
  2918 | D:4      | Found an iron altar of Okawaru.
  2937 | D:4      | Became a worshipper of Warmaster Okawaru
  3059 | D:4      | Found a stormy altar of Qazlal.
  3106 | D:4      | Noticed Dowan
  3111 | D:4      | Noticed Sigmund
  3177 | D:4      | Killed Dowan
  3178 | D:4      | Reached skill level 6 in Long Blades
  3178 | D:4      | Reached skill level 5 in Armour
  3282 | D:4      | Killed Sigmund
  3282 | D:4      | Reached * piety under Okawaru
  3283 | D:4      | Reached skill level 7 in Long Blades
  3283 | D:4      | Reached skill level 5 in Shields
  3283 | D:4      | Reached XP level 7. HP: 60/60 MP: 6/6
  3356 | D:4      | Reached skill level 5 in Fighting
  3474 | D:4      | Identified the staff of conjuration "Muhe Fok" {rElec
                  | rCorr}
  3483 | D:4      | Noticed Duvessa
  3499 | D:4      | Killed Duvessa
  3772 | D:5      | Entered Level 5 of the Dungeon
  4008 | D:5      | Noticed a wraith
  4009 | D:5      | Noticed a two-headed ogre
  4020 | D:5      | Reached skill level 8 in Long Blades
  4034 | D:6      | Reached XP level 8. HP: 45/69 MP: 7/7
  4311 | D:6      | Found a shadowy altar of Dithmenos.
  4319 | D:6      | Found a bloodstained altar of Trog.
  4444 | D:6      | Found a staircase to the Ecumenical Temple.
  4455 | D:6      | Reached ** piety under Okawaru
  4562 | D:6      | Reached skill level 9 in Long Blades
  4562 | D:6      | Reached skill level 1 in Stealth
  5205 | D:7      | Reached skill level 10 in Long Blades
  5435 | D:7      | Reached XP level 9. HP: 57/78 MP: 8/8
  5638 | D:7      | Found a sacrificial altar of Ru.
  5770 | D:7      | Reached *** piety under Okawaru
  5984 | D:7      | Found a white marble altar of Elyvilon.
  6051 | D:8      | Noticed Pikel
  6113 | D:7      | Killed Pikel
  6259 | D:8      | Found a glowing silver altar of Zin.
  6271 | D:8      | Noticed a two-headed ogre
  6319 | D:7      | Killed a two-headed ogre
  6320 | D:7      | Reached skill level 11 in Long Blades
  6518 | D:8      | Found an ornate altar of the Wu Jian Council.
  6526 | D:8      | Found a hazy altar of Hepliaklqana.
  6530 | D:8      | Reached **** piety under Okawaru
  6545 | D:8      | Reached XP level 10. HP: 14/86 MP: 9/9
  7186 | D:5      | Killed a two-headed ogre
  7186 | D:5      | Received a gift from Okawaru
  7187 | D:5      | Reached skill level 12 in Long Blades
  8030 | D:9      | Found a glowing golden altar of the Shining One.
  8080 | D:9      | Found a staircase to the Orcish Mines.
  8251 | D:9      | Noticed a two-headed ogre
  8259 | D:9      | Killed a two-headed ogre
  8260 | D:9      | Reached skill level 10 in Armour
  8281 | D:9      | Found a staircase to the Lair.
  8557 | D:10     | Entered Level 10 of the Dungeon
  8557 | D:10     | Noticed Maurice
  8557 | D:10     | Found a blossoming altar of Fedhas.
  8984 | D:10     | Killed Maurice
  9016 | D:10     | Found an ancient bone altar of Kikubaaqudgha.
  9045 | D:10     | Found a broken altar of Ashenzari.
  9084 | D:10     | Found Wicyleh's Weapon Boutique.
  9093 | D:10     | Noticed Snorg
  9106 | D:10     | Killed Snorg
  9107 | D:10     | Reached skill level 1 in Invocations
  9107 | D:10     | Reached skill level 1 in Evocations
  9123 | D:10     | Noticed a two-headed ogre
  9137 | D:10     | Killed a two-headed ogre
  9138 | D:10     | Reached skill level 13 in Long Blades
  9138 | D:10     | Reached XP level 11. HP: 74/95 MP: 7/10
  9224 | D:10     | Found an opulent altar of Gozag.
  9280 | D:10     | Found a shimmering blue altar of Sif Muna.
  9332 | D:10     | Noticed Erolcha
  9351 | D:10     | Killed Erolcha
  9564 | D:10     | Identified the ring of Jabuq {rCorr Slay+2}
  9585 | D:10     | Noticed a sun demon
 10184 | D:11     | Noticed a boulder beetle
 10255 | D:10     | Killed a boulder beetle
 10450 | D:11     | Noticed a centaur warrior
 10476 | D:11     | Killed a centaur warrior
 10894 | D:11     | Received a gift from Okawaru
 10908 | D:11     | Noticed a boulder beetle
 11195 | D:11     | Killed a boulder beetle
 11196 | D:11     | Reached skill level 14 in Long Blades
 11221 | D:11     | Noticed a necromancer
 11236 | D:11     | Killed a necromancer
 11241 | D:11     | Reached ***** piety under Okawaru
 11631 | D:11     | Noticed a two-headed ogre
 11646 | D:11     | Reached skill level 10 in Fighting
 11651 | D:11     | Killed a two-headed ogre
 11801 | D:11     | Noticed a six-headed hydra
 11815 | D:11     | Killed a six-headed hydra
 11816 | D:11     | Reached XP level 12. HP: 77/107 MP: 9/12
 11818 | D:11     | Received a gift from Okawaru
 11829 | D:11     | Reached skill level 10 in Shields
 11998 | D:11     | Noticed a two-headed ogre
 12013 | D:11     | Killed a two-headed ogre
 12130 | D:11     | Noticed Harold
 12140 | D:11     | Killed Harold
 12304 | Lair:1   | Entered Level 1 of the Lair of Beasts
 12377 | Lair:1   | Found a runed translucent door.
 12378 | Lair:1   | Noticed LavenderCorpse's ghost (journeyman DjCA)
 13110 | Lair:1   | Noticed Gastronok
 13171 | Lair:1   | Killed Gastronok
 14407 | Lair:2   | Reached skill level 15 in Long Blades
 14697 | Lair:2   | Received a gift from Okawaru
 14901 | Lair:2   | Noticed a four-headed hydra
 14911 | Lair:2   | Killed a one-headed hydra
 14924 | Lair:2   | Identified the +6 scale mail of the Stone Wall {rN++}
 14971 | Lair:2   | Reached skill level 1 in Axes
 14977 | Lair:2   | Reached XP level 13. HP: 63/118 MP: 11/13
 14985 | Lair:2   | Found a staircase to the Snake Pit.
 16250 | Lair:3   | Found a staircase to the Shoals.
 16616 | Lair:3   | You fall into a shaft and drop 2 floors!
 16616 | Lair:5   | Entered Level 5 of the Lair of Beasts
 17806 | Lair:4   | Found a runed translucent door.
 17806 | Lair:4   | Found a viscous altar of Jiyva.
 17806 | Lair:4   | Found a staircase to the Slime Pits.
 17806 | Lair:4   | Noticed an azure jelly
 17831 | Lair:4   | Found a transporter.
 17835 | Lair:4   | Found a bloodstained altar of Trog.
 17835 | Lair:4   | Noticed TangoThomas's ghost (journeyman DsAr)
 17851 | Lair:4   | Found a transporter.
 18287 | D:12     | Noticed Kirke
 18297 | D:12     | Noticed a sphinx
 19182 | D:11     | Killed Kirke
 19182 | D:11     | Received a gift from Okawaru
 19353 | D:12     | Found a portal to a secret trove of treasure.
 19495 | D:12     | Reached skill level 1 in Unarmed Combat
 19599 | D:12     | Found a sparkling altar of Nemelex Xobeh.
 20234 | Orc:1    | Entered Level 1 of the Orcish Mines
 20620 | Orc:1    | Reached skill level 16 in Long Blades
 21345 | Orc:2    | Entered Level 2 of the Orcish Mines
 21370 | Orc:2    | Found a staircase to the Elven Halls.
 21468 | Orc:2    | Reached skill level 15 in Armour
 21677 | Orc:2    | Reached XP level 14. HP: 120/129 MP: 15/15
 22399 | Orc:2    | Reached skill level 5 in Dodging
 23263 | Orc:2    | Found Tuestej's Weapon Shop.
 23265 | Orc:2    | Found Agoxean's Antique Weapon Shop.
 23265 | Orc:2    | Found Epnyweib's Armour Boutique.
 23266 | Orc:2    | Found Voquceenk's Distillery.
 23283 | Orc:2    | Bought a +1 long sword of flaming for 146 gold pieces
 24619 | D:13     | Found a gate to the Vaults.
 24900 | D:13     | Identified a scroll of acquirement
 25242 | Lair:5   | Identified the ring of Izainiaf {rC+ Int+2 Slay+3}
 25423 | Lair:5   | Identified the +0 pair of gloves of the Wilderness {Stlth+}
 25446 | Lair:5   | Noticed Rupert
 25464 | Lair:5   | Killed Rupert
 25465 | Lair:5   | Reached skill level 17 in Long Blades
 25737 | Lair:5   | Identified the +0 hand axe "Noezof" {flame, rF+} (Okawaru
                  | gifted it to you on level 5 of the Lair of Beasts)
 25737 | Lair:5   | Received a gift from Okawaru
 26064 | Lair:5   | Reached skill level 15 in Fighting
 26403 | Lair:5   | Reached XP level 15. HP: 115/141 MP: 16/16
 27339 | D:14     | Received a gift from Okawaru
 28644 | D:3      | Killed Plommelars's ghost
 28902 | Lair:1   | Killed LavenderCorpse's ghost
 28988 | Lair:4   | Killed an azure jelly
 29224 | D:15     | Entered Level 15 of the Dungeon
 29452 | D:15     | Reached skill level 15 in Shields
 29705 | D:15     | Identified the +1 robe of Kyhi {Stlth+ Archmagi} (Okawaru
                  | gifted it to you on level 15 of the Dungeon)
 29705 | D:15     | Received a gift from Okawaru
 30098 | D:15     | Found a staircase to the Depths.
 30609 | Orc:2    | Bought a +1 plate armour of willpower for 455 gold pieces
 30685 | Elf:1    | Entered Level 1 of the Elven Halls
 30891 | Snake:1  | Entered Level 1 of the Snake Pit
 31265 | Snake:1  | Reached skill level 18 in Long Blades
 31483 | Shoals:1 | Entered Level 1 of the Shoals
 31651 | Shoals:1 | Noticed Mlioglotl
 31669 | Shoals:1 | Killed Mlioglotl
 32036 | Shoals:1 | Reached XP level 16. HP: 50/152 MP: 17/17
 32223 | Shoals:1 | Hit by a silver javelin thrown by a merfolk javelineer

Illustrated notes

Levels and vault maps discovered:
D:1:      dpeg_arrival_water_fire, layout_basic, serial_shops,
          nicolae_shop_tiny_waterfront, minivault_25
D:2:      minmay_angry_zag, layout_basic
D:3:      layout_rooms, nicolae_yredelemnul_ghost_church
D:4:      layout_loops_ring, okawaru_metal_pillars_1_2, lemuel_crystal_altar,
          uniq_sigmund, uniq_duvessa
D:5:      layout_loops_ring, minmay_manual_moon
D:6:      layout_loops_ring, mainiacjoe_overflow_large_starburst,
          minmay_temple_entry_stoned_glass
D:7:      layout_basic, mainiacjoe_overflow_alcove_2, general_overflow_altar
D:8:      layout_gridville, mainiacjoe_overflow_cross_hatched,
          jmf_multi_god_temple, uniq_pikel
D:9:      layout_irregular_city, tso_altar, lair_entry_dummy, david_orc_2
D:10:     layout_roguey, nicolae_overflow_hidden_temple,
          nicolae_kikubaaqudgha_miasma_corner, grunt_gozag_statues,
          lemuel_round_altar, fedhas_bush_and_centaur_altar, serial_shops,
          nicolae_square_shop, uniq_maurice, uniq_snorg, uniq_erolcha
D:11:     kb_forest_paths, layout_basic, eino_house_with_fridge, uniq_harold
D:12:     layout_cave_pods, enter_trove_1, nemelex_spade_bored_becter,
          uniq_kirke
D:13:     layout_basic, grunt_vaults_entry_tiered, minmay_misc_feat_iff
D:14:     layout_long_grid
D:15:     hangedman_depths_entry_try_elsewhere_first, layout_basic,
          nrook_campfire
Lair:1:   dpeg_oklob_gauntlet, layout_layer_cave, ebering_ghost_inner_flame,
          uniq_gastronok
Lair:2:   layout_cave_pods, minmay_snake_entry_guardpost_small
Lair:3:   layout_roguey, minmay_shoals_entry_beasts, hibernation_bobbens,
          serial_bayou_shore_b
Lair:4:   layout_misc_corridors, slime_entry_2,
          gammafunk_ghost_wrathful_warriors, infiniplex_staircase_pool
Lair:5:   hangedman_lair_in_review, layout_regular_city, serial_bayou_pond_e,
          chequers_serial_rivers_small_a, fungi_pond_lemuel,
          serial_bayou_shore_a, uniq_rupert
Shoals:1: layout_shoals, uniq_mlioglotl
Snake:1:  layout_chambers, grunt_megastairs_1
Orc:1:    layout_diamond_mine
Orc:2:    st_orc_pillars, layout_diamond_mine, basic_altar
Elf:1:    elf_arrival_002, layout_rooms, minmay_elf_sorcery,
          nicolae_elf_martial_mastery

Skill      XL: |  1  2  3  4  5  6  7  8  9 10 11 12 13 14 15 |
---------------+----------------------------------------------+-----
Fighting       | 4 5 6 7 8 10 12 13 15 16 | 16.6
Armour         | 4 5 7 9 10 12 13 15 16 17 | 17.4
Shields        | 4 5 7 8 9 11 13 14 15 | 15.8
Long Blades    | 3 5 7 8 10 11 13 14 15 16 17 18 | 18.1
Dodging        | 1 2 3 4 5 |  5.4
Stealth        | 1 2 |  2.7
Invocations    | 1 2 3 |  3.9
Evocations     | 1 2 |  2.4
Axes           | 1 |  1.3
Unarmed Combat | 1 |  1.2

Action                     |  1- 3 |  4- 6 |  7- 9 | 10-12 | 13-15 | 16-18 || total
---------------------------+-------+-------+-------+-------+-------+-------++-------
  Melee: Long sword        |    96 |   125 |   318 |   744 |  1230 |       ||  2513
         Headbutt          |    14 |    34 |    74 |   214 |   477 |     5 ||   818
         Whip              |       |       |       |     5 |       |       ||     5
         Hand axe          |       |       |       |     6 |     4 |       ||    10
         Unarmed           |       |       |       |       |    12 |       ||    12
         Demon blade       |       |       |       |       |   355 |    19 ||   374
 Invoke: Heroism           |       |       |     2 |    22 |    30 |       ||    54
  Evoke: Wand              |       |       |     3 |    11 |    12 |       ||    26
    Use: Potion            |     4 |       |       |     3 |     3 |     2 ||    12
         Scroll            |       |       |       |    12 |    18 |       ||    30
 Armour: Scale mail        |    24 |       |       |       |       |       ||    24
         Chain mail        |    16 |    66 |   182 |    39 |       |       ||   303
         Plate armour      |       |       |       |   279 |   816 |     9 ||  1104
  Dodge: Dodged            |    48 |    50 |   134 |   220 |   563 |     7 ||  1022
  Block: Buckler           |    30 |    31 |   100 |   218 |   629 |     3 ||  1011
